 Dungeon Crawl Stone Soup version 0.22-a0-274-gf8199ec (webtiles) character file.

100 Firecrotchwizard the Ruffian (level 4, -5/42 HPs)
             Began as a Troll Arcane Marksman on Mar 14, 2018.
             Slain by Sigmund
             ... wielding a +2 scythe of slicing
              (8 damage)
             ... on level 3 of the Dungeon.
             The game lasted 00:05:15 (2108 turns).

Firecrotchwizard the Ruffian (TrAM)                 Turns: 2108, Time: 00:05:16

Health: -5/42      AC:  5    Str: 19    XL:     4   Next: 46%
Magic:  4/4        EV: 10    Int:  9    God:
Gold:   58         SH:  0    Dex: 10    Spells: 4/5 levels left

rFire    . . .     SeeInvis .     - Unarmed
rCold    . . .     Gourm    +   (no shield)
rNeg     . . .     Faith    .   a - +0 robe
rPois    .         Spirit   .   (helmet restricted)
rElec    .         Reflect  .   (no cloak)
rCorr    .         Harm     .   (gloves unavailable)
MR       .....                  (boots unavailable)
Stlth    +.........             (no amulet)
HPRegen  0.54/turn              (no ring)
MPRegen  0.09/turn              (no ring)

@: confused
A: large, unfitting armour, claws 3, fast metabolism 3, gourmand, regeneration
1, shaggy fur 1, tough skin 2
a: no special abilities


You were on level 3 of the Dungeon.
You were very full.

You visited 1 branch of the dungeon, and saw 3 of its levels.

You collected 58 gold pieces.

Inventory:

Hand Weapons
 k - a +0 short sword of draining
   (You took it off a kobold on level 2 of the Dungeon)
Missiles
 d - 2 throwing nets {=f, !d}
Armour
 a - a +0 robe (worn)
Jewellery
 h - a cursed ring of teleportation {unknown}
   (You took it off a hobgoblin on level 1 of the Dungeon)
 i - an uncursed amulet of harm {unknown}
   (You found it on level 1 of the Dungeon)
 j - an uncursed ring of positive energy {unknown}
   (You took it off a kobold on level 1 of the Dungeon)
 m - an uncursed amulet of faith {unknown}
   (You found it on level 2 of the Dungeon)
Scrolls
 b - a scroll of immolation {unknown}
 g - 4 scrolls of teleportation
 l - 2 scrolls of magic mapping {unknown}
 n - a scroll of enchant armour {unknown}
 p - a scroll of amnesia {unknown}
Potions
 e - 2 potions of curing {unknown}
 o - a potion of haste {unknown}
Comestibles
 f - 4 rations {@e1}


   Skills:
 + Level 2.0 Fighting
 - Level 1.7 Throwing
 - Level 1.5 Dodging
 * Level 3.3 Unarmed Combat
 - Level 1.0 Spellcasting
 - Level 2.0 Hexes


You had 4 spell levels left.
You knew the following spells:

 Your Spells              Type           Power        Failure   Level  Hunger
v - Corona                Hex            #......      16%         1    ##.....


Dungeon Overview and Level Annotations

Branches:
Dungeon (3/15)

Altars:
Okawaru
Sif Muna

Annotations:
D:3 Sigmund


Innate Abilities, Weirdness & Mutations

You are too large for most types of armour.
You have claws for hands.
Your metabolism is lightning-fast.
You like to eat raw meat.
Your natural rate of healing is unusually fast.
You are covered in fur. (AC +1)
You have very tough skin. (AC +2)


Message History

You see here a club.
There is an open door here.
Done exploring.
Done exploring.
(D) Dungeon
Where to? (Enter - D:2, ? - help)
There is an open door here.
You see here a club.
You see here a hobgoblin skeleton.
There is a stone staircase leading down here.
You climb downwards.
Level annotation: Sigmund
There is a stone staircase leading up here.
Unknown command.
f - 4 rations {@e1} (gained 1)
Found a stone staircase leading down.
g - 4 scrolls of teleportation (gained 1)
You open the door.
There is an open door here.
A bat comes into view.
A bat is nearby!
The bat hits you but does no damage. The bat hits you but does no damage.
The bat closely misses you. The bat closely misses you.
You miss the bat. The bat barely misses you.
The bat hits you but does no damage. x2
You miss the bat. The bat closely misses you. The bat closely misses you.
The bat hits you but does no damage. The bat barely misses you.
The bat closely misses you.
You claw the bat!
You kill the bat!
You see here a bat corpse.
You butcher the bat corpse.
l - a chunk of flesh {@w0} Eating a chunk of flesh {@w0}.
You eat the chunk of flesh {@w0}.
This raw flesh tastes great.
You now have 52 gold pieces (gained 11).
You see here 20 bolts.
You now have 58 gold pieces (gained 6).
As you open the door, it creaks loudly!
There is an open door here.
l - 2 scrolls labeled MERPHE IG KAL
p - a scroll labeled ORUISMOMEA As you open the door, it creaks loudly!
There is an open door here.
As you open the door, it creaks loudly!
You hear a shout!
Throwing (i - inventory)
c - 4 large rocks (quivered)
{!d}
Aim: Sigmund, wielding a scythe of slicing and wearing a robe You throw a large rock {!d}.
The large rock {!d} completely misses Sigmund.
Sigmund zaps a wand.
The puff of flame hits you!
It is a wand of flame (26).
Sigmund hits you from afar with a scythe of slicing.
You take 19 damage, and have 23/42 hp.
MASSIVE DAMAGE!!
Throwing (i - inventory)
c - 3 large rocks (quivered)
{!d}
Aim: Sigmund, wielding a scythe of slicing, wearing a robe and carrying a wand of flame (26)
You throw a large rock {!d}.
The large rock {!d} closely misses Sigmund.
Sigmund closely misses you.
A rat comes into view.
Throwing (i - inventory)
c - 2 large rocks (quivered)
{!d}
Aim: Sigmund, wielding a scythe of slicing, wearing a robe and carrying a wand of flame (26)
You throw a large rock {!d}.
The large rock {!d} closely misses Sigmund.
Sigmund gestures at you while chanting. The magic dart hits you!
The rat bites you but does no damage.
You take 6 damage, and have 18/42 hp.
Throwing (i - inventory)
c - a large rock (quivered)
{!d}
Aim: Sigmund, wielding a scythe of slicing, wearing a robe and carrying a wand of flame (26)
You throw a large rock {!d}. The large rock {!d} hits Sigmund!
Sigmund gestures wildly while chanting.
Sigmund flickers and vanishes!
Deactivating autopickup; reactivate with Ctrl-A.
The rat closely misses you.
You hear a zap.
A puff of flame appears from out of thin air!
The puff of flame hits you! The rat bites you.
You take 4 damage, and have 14/42 hp.
Something hits you but does no damage.
There is an open door here.
You closely miss something. The rat bites you.
* * * LOW HITPOINT WARNING * * *
You hear a zap.
A puff of flame appears from out of thin air!
The puff of flame misses you.
You take 2 damage, and have 12/42 hp.
You barely miss something. The rat closely misses you.
You hear some strange, mumbled words.
You are confused.
You completely miss something. The rat bites you but does no damage.
Something hits you!
* * * LOW HITPOINT WARNING * * *
x2 You take 10 damage, and have 2/42 hp.
MASSIVE DAMAGE!!
You're too confused to move!
The rat barely misses you.
You barely miss something. Your claw misses something. Something hits you!
You die...

+........(#......+
#####+#................#
#............>รท......[.
#.......######.....#########
###.......'...##..........l.K.
#.........###.##......########
#.........# #.##..........
#...####### #r##.....#########
####...#########@##(....'.K@l.)..
.................{(.....#########
........l...............#
......#.................#########
......#.........(.(.......l...l..
......#............#####.########
......#.......(>...# #.#
......############.# #.# .?.. #.#
#.#


You could see a rat.

Vanquished Creatures
  Terence (D:2)
  3 adders
  A worm (D:2)
  A dart slug (D:1)
  2 leopard geckos
  2 ball pythons (D:2)
  A giant cockroach (D:1)
  3 goblins
  10 hobgoblins
  4 kobolds
  11 bats
  A frilled lizard (D:1)
  2 rats
42 creatures vanquished.

Notes
Turn   | Place    | Note
-------+----------+-------------------------------------------
     0 | D:1      | Firecrotchwizard the Troll Arcane Marksman began the quest for the Orb.
     0 | D:1      | Reached XP level 1. HP: 18/18 MP: 1/1
    89 | D:1      | Reached skill level 1 in Fighting
   111 | D:1      | Reached skill level 1 in Unarmed Combat
   154 | D:1      | Reached XP level 2. HP: 22/27 MP: 2/2
   488 | D:1      | Reached skill level 2 in Unarmed Combat
   841 | D:2      | Reached XP level 3. HP: 32/33 MP: 3/3
   914 | D:2      | Noticed Terence
   925 | D:2      | Killed Terence
   961 | D:2      | Reached XP level 4. HP: 41/42 MP: 4/4
  1049 | D:2      | Reached skill level 3 in Unarmed Combat
  1156 | D:2      | Reached skill level 2 in Fighting
  1320 | D:2      | You fall through a shaft!
  1369 | D:3      | Noticed Sigmund
  1462 | D:2      | Found an iron altar of Okawaru.
  1462 | D:2      | Found a deep blue altar of Sif Muna.
  2106 | D:3      | HP: 4/42 [something (9)]
  2108 | D:3      | Slain by Sigmund

Vault maps used:
D:1:      noname_arrival_rooms_in_the_neighbourhood, minmay_misc_feat_alley,
          minivault_4, minmay_tetromino_l4
D:2:      nicolae_overflow_hidden_temple, kennysheep_flooded_box,
          minmay_shallow_snake_nest, uniq_terence
D:3:      first_ration, uniq_sigmund

Skill      XL: |  1  2  3  4 |
---------------+-------------+-----
Fighting       | 1 2 |  2.0
Unarmed Combat | 1 2 3 |  3.3
Throwing       | |  1.7
Dodging        | |  1.5
Spellcasting   | |  1.0
Hexes          | |  2.0

Action                   |  1- 3 |  4- 6 || total
-------------------------+-------+-------++-------
Melee: Unarmed           |    89 |    58 ||   147
Throw: Large rock        |     3 |     5 ||     8
  Use: Scroll            |       |     1 ||     1
 Stab: Sleeping          |     1 |       ||     1
  Eat: Chunk             |    14 |     9 ||    23
Armor: Robe              |    37 |    35 ||    72
Dodge: Dodged            |    52 |    52 ||   104

Table legend:
 A = Spawn XP
 B = Non-spawn XP
 C = Spawn XP percentage of total XP
 D = Spawn monster count
 E = Non-spawn monster count
 F = Spawn count percentage of total count
 G = Total turns spent on level
                    A         B        C        D         E        F      G
               +---------+---------+-------+---------+---------+-------+---------
         Total |       0 |     143 |   0.0 |       0 |      42 |   0.0 |  2108
               +---------+---------+-------+---------+---------+-------+---------
           D:1 |       0 |      34 |   0.0 |       0 |      19 |   0.0 |   791
           D:2 |       0 |      92 |   0.0 |       0 |      19 |   0.0 |  1008
           D:3 |       0 |      17 |   0.0 |       0 |       4 |   0.0 |   309
               +---------+---------+-------+---------+---------+-------+---------

Vault maps used:
D:1:      noname_arrival_rooms_in_the_neighbourhood, minmay_misc_feat_alley,
          minivault_4, minmay_tetromino_l4
D:2:      nicolae_overflow_hidden_temple, kennysheep_flooded_box,
          minmay_shallow_snake_nest, uniq_terence
D:3:      first_ration, uniq_sigmund

Table legend:
 A = Turns spent in this place as a percentage of turns spent in the entire game.
 B = Non-inter-level travel turns spent in this place as a percentage of non-inter-level travel turns spent in the entire game.
 C = Inter-level travel turns spent in this place as a percentage of turns spent in this place.
 D = Turns resting spent in this place as a percentage of non-inter-level travel turns spent in this place.
 E = Turns spent auto-exploring this place as a percentage of non-inter-level travel turns spent in this place.
 F = Non-inter-level travel turns spent in this place divided by the number of levels of this place that you've seen.
                   A       B       C       D       E      F
               +-------+-------+-------+-------+-------+----------------------
         Total | 100.0 | 100.0 |   3.7 |   2.2 |  75.9 | 677.0
       Dungeon | 100.0 | 100.0 |   3.7 |   2.2 |  75.9 | 677.0
               +-------+-------+-------+-------+-------+----------------------

Table legend:
 A = Kills in this place as a percentage of kills in entire the game.
 B = Kills by you in this place as a percentage of kills by you in the entire game.
 C = Kills by friends in this place as a percentage of kills by friends in the entire game.
 D = Other kills in this place as a percentage of other kills in the entire game.
 E = Experience gained in this place as a percentage of experience gained in the entire game.
 F = Experience gained in this place divided by the number of levels of this place that you have seen.
                   A       B       C       D       E      F
               +-------+-------+-------+-------+-------+----------------------
         Total | 100.0 | 100.0 |   N/A |   N/A | 100.0 |  47.7
       Dungeon | 100.0 | 100.0 |   N/A |   N/A | 100.0 |  47.7
               +-------+-------+-------+-------+-------+----------------------
